Map: Nightshade LE

Players

SchwannCell

  • Race: Zerg Zerg
  • League: Master
  • Spawn Location: 11:00

MikeHawk - Winner!

  • Race: Terran Terran
  • League: Master
  • Spawn Location: 5:00

VOD

Have the link to the VOD?

Description

Time

  • Played on: Dec. 20, 2019, 10:43 a.m.
  • Length: 8:52
Show
View Real Time Build Order
Export as new Build Order

SchwannCell Zerg 

Build Orders: Hatch First 

Get SALT Encoding   

  12  0:00  Drone  
  13  0:12  Overlord  
  13  0:16  Drone  
  14  0:30  Drone x2  
  14  0:34  Drone  
  17  0:51  Hatchery  
  17  0:54  Drone  
  17  1:07  Spawning Pool  
  17  1:10  Drone  
  17  1:13  Drone  
  17  1:17  Drone  
  19  1:24  Extractor  
  18  1:28  Drone  
  19  1:39  Drone  
  20  1:56  Queen  
  22  2:03  Drone, Queen  
  22  2:04  Zergling x4  
  27  2:12  Overlord  
  27  2:13  Drone  
  28  2:21  Hatchery  
  27  2:24  Drone  
  27  2:29  Extractor  
  28  2:37  Drone  
  28  2:38  Drone x2  
  28  2:41  Spore Crawler  
  29  2:46  Metabolic Boost  
  29  2:49  Drone x2  
  32  2:54  Overlord  
  32  3:00  Drone  
  32  3:05  Drone x2  
  35  3:09  Overlord  
  35  3:16  Drone x2  
  35  3:19  Queen  
  40  3:20  Drone x2  
  40  3:21  Drone  
  40  3:23  Drone  
  43  3:31  Drone x2  
  43  3:32  Queen  
  47  3:37  Drone  
  47  3:40  Zergling x2  
  49  3:49  Zergling x4  
  50  3:57  Queen  
  50  3:58  Zergling x4  
  50  3:59  Overlord  
  50  4:01  Queen  
  50  4:02  Drone x2  
  58  4:04  Overlord  
  58  4:16  Overlord  
  58  4:18  Drone  
  58  4:19  Drone x5, Queen  
  66  4:25  Drone  
  66  4:30  Overlord  
  67  4:33  Drone  
  67  4:35  Drone x2  
  67  4:38  Drone  
  71  4:43  Lair, Pneumatized Carapace  
  71  4:44  Drone x2  
  71  4:45  Drone  
  74  4:47  Zergling x2  
  74  4:48  Zergling x4  
  74  5:10  Drone x5  
  74  5:14  Drone x2, Extractor  
  78  5:15  Drone, Extractor x2  
  78  5:16  Drone x2  
  81  5:32  Drone x3  
  84  5:36  Evolution Chamber  
  84  5:37  Evolution Chamber  
  84  5:38  Hatchery  
  84  5:39  Drone x3  
  84  5:40  Hatchery  
  83  5:45  Drone x2, Infestation Pit  
  83  5:46  Drone x3  
  83  5:49  Extractor x2  
  85  5:53  Overlord x3  
  85  6:07  Zerg Melee Weapons Level 1, Zerg Ground Armor Level 1  
  85  6:10  Baneling Nest  
  84  6:11  Drone  
  84  6:13  Drone, Overlord  
  84  6:14  Overlord  
  84  6:15  Drone  
  84  6:16  Drone x2  
  89  6:19  Zergling x12  
  89  6:23  Hive  
  95  6:38  Overlord x2  
  95  6:40  Drone  
  95  6:41  Drone x5  
  101  6:50  Drone x6  
  107  6:54  Drone  
  107  6:55  Drone x4  
  107  6:57  Centrifical Hooks  
  107  6:59  Baneling x14  
  112  7:05  Drone  
  113  7:09  Extractor  
  113  7:10  Extractor  
  113  7:14  Zergling x20  
  115  7:33  Drone x2  
  115  7:34  Drone  
  118  7:37  Ultralisk Cavern  
  118  7:41  Drone x3  
  106  7:57  Drone x3  
  106  7:58  Zergling x24  
  117  8:05  Ultralisk Cavern  
  116  8:16  Zergling x6  
  116  8:17  Zergling x8  
  116  8:19  Hatchery  
  121  8:33  Zergling x24  
Show
View Real Time Build Order
Export as new Build Order

MikeHawk Terran - Winner!

Build Orders: Liberator Opening, Reaper Expand 

Get SALT Encoding   

  12  0:00  SCV  
  13  0:12  SCV  
  14  0:17  Supply Depot  
  14  0:25  SCV  
  15  0:38  SCV  
  15  0:39  Barracks  
  16  0:43  Refinery  
  16  0:50  SCV  
  17  1:03  SCV  
  18  1:15  SCV  
  19  1:27  Orbital Command  
  19  1:28  Reaper  
  20  1:39  Command Center  
  20  1:50  Supply Depot  
  20  1:52  SCV  
  21  1:59  Marine  
  22  2:04  SCV  
  23  2:08  Factory  
  23  2:14  Refinery  
  23  2:16  SCV  
  23  2:20  Barracks Reactor  
  24  2:29  SCV  
  25  2:41  SCV  
  26  2:51  Orbital Command  
  26  2:53  SCV  
  26  2:55  Starport  
  27  3:02  Hellion x2  
  27  3:05  SCV, Marine  
  33  3:14  Liberator  
  33  3:17  SCV  
  33  3:18  SCV  
  35  3:24  Hellion x2  
  35  3:25  Supply Depot  
  39  3:29  SCV  
  39  3:30  SCV  
  45  3:36  Barracks Tech Lab  
  44  3:41  SCV  
  44  3:42  SCV  
  46  3:49  Supply Depot  
  46  3:52  Hellion x2  
  46  3:53  SCV  
  46  3:54  SCV  
  52  3:56  Stimpack  
  52  4:05  SCV  
  52  4:06  SCV  
  54  4:15  Command Center  
  54  4:18  SCV x2  
  54  4:22  Marine  
  57  4:25  Supply Depot  
  57  4:27  Factory Tech Lab  
  57  4:32  Barracks, SCV  
  57  4:33  Barracks, SCV  
  57  4:35  Starport Reactor  
  59  4:40  Marine  
  59  4:44  SCV  
  59  4:45  SCV  
  62  4:46  Engineering Bay  
  62  4:47  Engineering Bay  
  62  4:53  Siege Tank  
  62  4:57  SCV x2  
  62  4:58  Marine  
  68  5:05  Refinery x2  
  68  5:09  SCV x2  
  68  5:11  Supply Depot  
  68  5:12  Terran Infantry Weapons Level 1, Terran Infantry Armor Level 1  
  70  5:24  Starport Reactor  
  72  5:28  Marine x3  
  72  5:29  Orbital Command  
  72  5:35  Combat Shield, Marine x2  
  74  5:38  SCV  
  74  5:39  Barracks x2, SCV  
  77  5:44  Siege Tank  
  80  5:50  Orbital Command, SCV  
  80  5:51  SCV  
  80  5:55  Supply Depot  
  82  6:02  SCV, Marine x3  
  82  6:03  SCV, Marine x2  
  89  6:06  Medivac x2  
  93  6:11  Supply Depot  
  93  6:12  Supply Depot  
  93  6:17  SCV x2, Siege Tank  
  93  6:18  SCV  
  99  6:22  Armory  
  99  6:24  Marine x2  
  101  6:28  Barracks Reactor x2  
  101  6:33  SCV x2, Marine x3  
  101  6:37  SCV  
  101  6:39  Supply Depot  
  107  6:42  Marine  
  107  6:44  Marine  
  107  6:45  SCV x2  
  111  6:49  SCV  
  111  6:50  Marine x2  
  111  6:51  Marine  
  111  6:52  Supply Depot  
  111  6:54  Supply Depot, Medivac  
  115  7:01  SCV x3, Medivac, Marine  
  122  7:02  Marine  
  122  7:03  Supply Depot  
  122  7:05  Marine  
  125  7:11  Refinery x2  
  125  7:13  SCV x3, Siege Tank, Marine x2  
  133  7:24  Marine x7  
  133  7:26  SCV  
  141  7:30  SCV x2  
  141  7:31  Marine x2  
  141  7:32  Factory  
  141  7:34  Supply Depot  
  145  7:38  SCV  
  145  7:42  Medivac, Marine x4  
  149  7:51  Marine x2  
  149  7:53  Medivac, Marine x3  
  154  8:00  Siege Tank, Marine x4  
  161  8:08  Marine  
  161  8:09  Marine  
  161  8:12  Medivac  
  165  8:13  Supply Depot  
  165  8:14  Supply Depot  
  165  8:26  Marine x2  
  165  8:27  Marine  
  165  8:28  Marine x2  
  165  8:29  Marine  
  165  8:32  Marine  
  165  8:33  Marine x2  
  157  8:35  Factory Tech Lab  
Tags
 
Add a new tag
Caveats
  • Supply blocks, unpowered buildings, or Contaminate may cause inaccurate times.
  • Supply counts are checked every 10 seconds.